 Dungeon Crawl Stone Soup version 0.31-a0-859-g9dce7d3444 (webtiles) character file.

Game seed: 5839392677087506139

93 Kurtz the Sneak (level 4, 0/42 HPs)
             Began as a Naga Delver on Oct 9, 2023.
             Was an Initiate of Makhleb.
             Slain by an ufetubus (1 damage)
             ... on level 5 of the Dungeon.
             The game lasted 00:00:51 (286 turns).

Kurtz the Sneak (Naga Delver)                        Turns: 286, Time: 00:00:52

Health: 0/42       AC:  2    Str: 16    XL:     4   Next: 61%
Magic:  6/6        EV:  9    Int: 10    God:    Makhleb [......]
Gold:   0          SH:  0    Dex: 13    Spells: 3/3 levels left

rFire   . . .        a - +0 hand axe
rCold   . . .        (no shield)
rNeg    . . .        b - +0 leather armour
rPois   +            (no helmet)
rElec   .            (no cloak)
rCorr   .            (no gloves)
SInv    +            (no barding)
Will    .....        (no amulet)
Stlth   +++          (no ring)
HPRegen 0.27/turn    (no ring)
MPRegen 0.10/turn

%: no passive effects
@: very slow
A: AC +1, large, see invisible, deformed body, poison resistance, slowness 2,
spit poison 1, naga tail 1
a: Spit Poison, Renounce Religion


You were on level 5 of the Dungeon.
You worshipped Makhleb.
Makhleb was noncommittal.
You visited 1 branch of the dungeon, and saw 1 of its levels.

Inventory:

Hand Weapons
 a - a +0 hand axe (weapon)
Armour
 b - a +0 leather armour (worn)
Wands
 g - a wand of digging (3)
Scrolls
 c - a scroll of fog
 d - a scroll of revelation
Potions
 f - a potion of haste


   Skills:
 - Level 3.0 Fighting
 * Level 3.7 Axes
 - Level 1.5 Dodging
 - Level 7.2 Stealth
 * Level 2.7 Invocations


You had 3 spell levels left.
You didn't know any spells.
Your spell library was empty.

Dungeon Overview and Level Annotations

Branches:
Dungeon (5/15)
 Temple: D:4-7

Altars:
Elyvilon
Makhleb

Annotations:
D:5 Ijyb


Innate Abilities, Weirdness & Mutations

Your serpentine skin is tough. (AC +1)
You have supernaturally acute eyesight. (SInv)
Armour fits poorly on your strangely shaped body.
Your system is resistant to poisons. (rPois)
You cover ground very slowly.
You can spit poison.
You have a snake-like lower body.


Message History

As you open the door, it creaks loudly!
An ufetubus and a gnoll come into view.
The ufetubus shouts!
The gnoll shouts!
You hear a shout! x3
The ufetubus hits you. x2
The ufetubus completely misses you. The ufetubus hits you.
The ufetubus hits you. x2
The ufetubus hits you.
The ufetubus hits you but does no damage.
The ufetubus hits you.
The ufetubus hits you but does no damage.
Found a stone staircase leading up.
The ufetubus hits you. x2
Found 9 gold pieces.
The ufetubus attacks as it pursues you! The ufetubus barely misses you.
The ufetubus hits you. The ufetubus closely misses you. x2
Found 9 gold pieces.
The ufetubus hits you. The ufetubus barely misses you.
The ufetubus barely misses you. The ufetubus closely misses you.
The ufetubus attacks as it pursues you! The ufetubus hits you.
The ufetubus barely misses you. The ufetubus closely misses you.
The ufetubus misses you. The ufetubus attacks as it pursues you!
The ufetubus closely misses you. The ufetubus hits you.
* * * LOW HITPOINT WARNING * * *
The ufetubus barely misses you. x2
The gnoll attacks as it pursues you! The gnoll barely misses you.
The ufetubus hits you.
* * * LOW HITPOINT WARNING * * *
The ufetubus closely misses you. The ufetubus misses you.
The ufetubus barely misses you. The gnoll hits you with a +0 whip.
* * * LOW HITPOINT WARNING * * *
There is a stone staircase leading up here.
As you read the scroll labelled ZOX QAIBOY, it crumbles to dust.
It is a scroll of identify.
You don't currently have any unidentified items.
The ufetubus hits you.
* * * LOW HITPOINT WARNING * * *
The ufetubus hits you.
* * * LOW HITPOINT WARNING * * *
The ufetubus hits you.
You die...

.. '# #......+ ....
.##+#####......##.#.#
........#...........
........#.........#
.#.#..............+
.....###..........#
.#.#..##.......g..#
...............5@.#
.......##...###..$...#
.......##...# ##+#####
..............
......#......##
...............
...>............
................
.............$...


You could see a gnoll and an ufetubus.

Vanquished Creatures
  A scorpion (D:5)
  A hound (D:5)
  An ufetubus (D:5)
3 creatures vanquished.

Notes
Turn   | Place    | Note
-------+----------+-------------------------------------------
     0 | D:5      | Kurtz the Naga Delver began the quest for the Orb.
     0 | D:5      | Reached XP level 1. HP: 21/21 MP: 1/1
     9 | D:5      | Found a burning altar of Makhleb.
    20 | D:5      | Found a white marble altar of Elyvilon.
    40 | D:5      | Became a worshipper of Makhleb the Destroyer
    55 | D:5      | Noticed Ijyb
    60 | D:5      | Noticed a hound
    60 | D:5      | Noticed a scorpion
    85 | D:5      | Killed a hound
    86 | D:5      | Reached skill level 1 in Invocations
    86 | D:5      | Reached XP level 2. HP: 7/28 MP: 1/3
    86 | D:5      | Reached XP level 3. HP: 9/34 MP: 1/4
    96 | D:5      | Killed a scorpion
    97 | D:5      | Reached XP level 4. HP: 7/42 MP: 2/6
   286 | D:5      | HP: 1/42 [ufetubus (4)]
   286 | D:5      | Slain by an ufetubus

Illustrated notes

Levels and vault maps discovered:
D:5:      layout_basic, lemuel_round_altar, mainiacjoe_overflow_paths,
          minmay_temple_entry_gardened_gates, serial_glass, glass_columns_a,
          glass_columns_b, chequers_serial_rivers_large_b, uniq_ijyb

Skill      XL: |  1  2  3 |
---------------+----------+-----
Axes           | 3 |  3.7
Invocations    | 1 2 |  2.7
Fighting       | |  3.0
Dodging        | |  1.5
Stealth        | |  7.2

Action                     |  1- 3 |  4- 6 || total
---------------------------+-------+-------++-------
  Melee: Hand axe          |     7 |       ||     7
Ability: Spit Poison       |     5 |       ||     5
    Use: Scroll            |     1 |     1 ||     2
         Potion            |     1 |       ||     1
   Stab: Sleeping          |     1 |       ||     1
 Armour: Leather armour    |     6 |    20 ||    26
         Skin              |     5 |       ||     5
  Dodge: Dodged            |     3 |    17 ||    20

Table legend: (Time is in decaauts)
 A = Elapsed time spent in this place.
 B = Non-inter-level travel time spent in this place.
 C = Inter-level travel time spent in this place.
 D = Time resting spent in this place.
 E = Time spent auto-exploring this place.
 F = Levels seen in this place.
 G = Mean time per level.
                   A        B        C        D        E       F      G
               +--------+--------+--------+--------+--------+-----+--------+
         Total |    334 |    334 |      0 |    145 |     84 |   1 |  334.0 |
       Dungeon |    334 |    334 |      0 |    145 |     84 |   1 |  334.0 |
               +--------+--------+--------+--------+--------+-----+--------+

Top non-repeatable levels by time:
     D:5: 334 daAuts
